 Dungeon Crawl Stone Soup version 0.19-a0-994-g3c636f0 (webtiles) character file.

79 mistymad the Poker (level 4, 0/37 HPs)
             Began as a Merfolk Monk on July 16, 2016.
             Slain by an orc
             ... wielding a +0 dagger
              (5 damage)
             ... on level 4 of the Dungeon.
             The game lasted 00:05:04 (1750 turns).

mistymad the Poker (Merfolk Monk)                   Turns: 1750, Time: 00:05:05

Health: 0/37       AC:  3    Str: 12    XL:     4   Next: 37%
Magic:  4/4        EV: 10    Int:  9    God:
Gold:   141        SH:  0    Dex: 16    Spells: 0 memorised, 3 levels left

rFire  . . .     SeeInvis .     a - +0 spear
rCold  . . .     Gourm    .     d - +0 leather armour
rNeg   + . .     Faith    .     (no shield)
rPois  .         Spirit   .     (no helmet)
rElec  .         Dismiss  .     (no cloak)
rCorr  .         Reflect  .     (no gloves)
SustAt .         Harm     .     (no boots)
MR     .....                    (no amulet)
Stlth  ++........               g - ring of wizardry
                                f - ring of positive energy

@: not resistant to hostile enchantments, unstealthy
A: change form in water, swift swim
a: no special abilities


You were on level 4 of the Dungeon.
You were near starving.

You visited 1 branch of the dungeon, and saw 4 of its levels.

You collected 141 gold pieces.

Inventory:

Hand Weapons
 a - a +0 spear (weapon)
Armour
 d - a +0 leather armour (worn)
Jewellery
 f - a ring of positive energy (left hand)
 g - a ring of wizardry (right hand)
 n - an uncursed ring of fire
Wands
 m - a wand of digging (23/24)
Scrolls
 j - a scroll of identify {unknown}
 k - 2 scrolls of amnesia {unknown}
 l - 2 scrolls of recharging {unknown}
 o - a scroll of teleportation {unknown}
Potions
 e - a potion of flight
Comestibles
 b - 3 fruits
 c - 3 bread rations
 i - 2 meat rations
 p - a slice of pizza


   Skills:
 + Level 4.2 Fighting
 + Level 5.3 Polearms
 + Level 5.2 Dodging
 - Level 2.1 Stealth


You had 3 spell levels left.
You didn't know any spells.

Dungeon Overview and Level Annotations

Branches:
Dungeon (4/15)
 Temple: D:4-7

Altars:

Annotations:
D:3 Sigmund; mistymad's ghost, amateur MfMo


Message History

The orc hits you with a dagger.
* * * LOW HITPOINT WARNING * * *
The orc barely misses you.
You take 4 damage, and have 1/37 hp.
You float gracefully downwards.
The orc hits you but does no damage.
Found a pink potion.
The orc barely misses you.
Found a robe.
Found a flail.
You see here a pink potion.
Found 11 gold pieces.
Found an escape hatch in the floor.
Found a metallic yellow potion.
Found a stone staircase leading up.
Found 9 gold pieces.
You see here 11 gold pieces.
There is a stone staircase leading up here.
The orc hits you with a dagger.
You die...

#......# #......#
###......######
...............#
..........$.....#
..........>.o...#
............os..+
........!....o..###
+############@.$..#
#.....# #.....#
#.....# #.....+
#.....# #######


You could see a scorpion and 3 orcs.

Vanquished Creatures
  A worker ant (D:4)
  An adder (D:2)
  2 dart slugs
  2 giant geckos
  2 giant cockroaches
  A goblin (D:3)
  7 hobgoblins
  4 jackals (D:2)
  2 kobolds (D:1)
  A ball python (D:1)
  5 bats
  4 giant newts
  7 rats
39 creatures vanquished.

Notes
Turn   | Place    | Note
-------+----------+-------------------------------------------
     0 | D:1      | mistymad the Merfolk Monk began the quest for the Orb.
     0 | D:1      | Reached XP level 1. HP: 18/18 MP: 1/1
   183 | D:1      | Reached XP level 2. HP: 21/24 MP: 2/2
   663 | D:2      | Reached skill level 5 in Polearms
   663 | D:2      | Reached XP level 3. HP: 24/30 MP: 3/3
  1251 | D:3      | Noticed Sigmund
  1449 | D:3      | Noticed mistymad's ghost (amateur MfMo)
  1519 | D:4      | Reached skill level 5 in Dodging
  1519 | D:4      | Reached XP level 4. HP: 25/37 MP: 4/4
  1718 | D:4      | HP: 1/37 [orc/dagger (4)]
  1750 | D:4      | Slain by an orc

Vault maps used:
D:1:      shiori_arrival_maze
D:2:      first_bread, kennysheep_decorative_pillar
D:3:      grunt_temple_overflow_order_and_chaos_1, old_standard_altar,
          hangedman_abyss_or_decor_lesser_grid, roderic_whirl,
          grunt_dithmenos_smoke_and_mirrors, uniq_sigmund

Skill      XL: |  1  2  3 |
---------------+----------+-----
Polearms       | 5 |  5.3
Fighting       | 4 |  4.2
Dodging        | 5 |  5.2
Stealth        | |  2.1

Action                   |  1- 3 |  4- 6 || total
-------------------------+-------+-------++-------
Melee: Spear             |   132 |    25 ||   157
  Use: Potion            |       |     2 ||     2
 Stab: Sleeping          |    12 |       ||    12
  Eat: Chunk             |     1 |       ||     1
Armor: Leather armour    |    13 |     4 ||    17
Dodge: Dodged            |    63 |    17 ||    80
